Map: [ESL] Inside and Out

Players

iGCoffeeMs (Coffee)

  • Race: Terran Terran
  • League: Master

DPGJieShi (Jieshi) - Winner!

  • Race: Protoss Protoss

Event: DreamHack SC2 Masters 2022 Atlanta (Online)

VOD

Have the link to the VOD?

Description

Time

  • Played on: Oct. 7, 2022, 8:37 a.m.
  • Length: 9:54

All games in this series

Show
View Real Time Build Order
Export as new Build Order

iGCoffeeMs Terran 

Build Orders: Reaper Expand 

Get SALT Encoding   

  12  0:00  SCV  
  13  0:12  SCV  
  14  0:16  Supply Depot  
  14  0:24  SCV  
  15  0:38  SCV  
  15  0:40  Barracks  
  16  0:43  Refinery  
  16  0:50  SCV  
  17  1:02  SCV  
  18  1:14  SCV  
  19  1:27  Reaper, Orbital Command  
  20  1:38  Command Center  
  20  1:48  Supply Depot  
  20  1:53  SCV  
  21  1:59  Marine  
  22  2:05  SCV  
  22  2:07  Factory  
  23  2:14  Bunker  
  23  2:17  SCV  
  23  2:20  Barracks Reactor  
  24  2:25  Refinery  
  24  2:29  SCV  
  25  2:41  SCV  
  28  2:51  Hellion, Orbital Command  
  28  2:53  SCV  
  28  2:55  Starport  
  29  2:59  Marine x2  
  31  3:06  SCV  
  31  3:12  Factory Tech Lab  
  32  3:16  SCV  
  32  3:18  SCV, Marine x2  
  36  3:22  Supply Depot  
  36  3:29  SCV  
  36  3:30  SCV  
  36  3:33  Barracks  
  38  3:41  Raven, Marine x2  
  39  3:45  SCV, Barracks  
  39  3:46  SCV  
  43  3:52  Supply Depot  
  43  3:57  SCV  
  43  3:58  SCV  
  43  4:01  Marine  
  43  4:02  Marine  
  47  4:03  Factory Tech Lab  
  47  4:09  Engineering Bay, SCV  
  48  4:13  SCV  
  48  4:16  Supply Depot  
  49  4:20  Refinery, Marine x2  
  49  4:21  SCV  
  52  4:26  SCV  
  52  4:29  Stimpack  
  53  4:32  Factory Reactor  
  53  4:33  SCV, Starport Reactor  
  53  4:36  Terran Infantry Weapons Level 1  
  54  4:40  SCV  
  54  4:41  Marine x3  
  54  4:42  Marine  
  59  4:45  SCV  
  59  4:46  Supply Depot  
  59  4:50  Combat Shield  
  60  4:53  Supply Depot  
  60  4:55  SCV  
  60  4:58  SCV  
  60  4:59  Marine x2  
  64  5:03  Marauder x2  
  68  5:07  SCV  
  68  5:08  Refinery  
  68  5:10  SCV  
  70  5:16  Supply Depot, Marine  
  70  5:17  Marine  
  72  5:22  Medivac x2  
  72  5:25  Supply Depot  
  72  5:28  Marauder x2  
  80  5:33  Widow Mine x2  
  80  5:34  Marine x2  
  86  5:39  Supply Depot, SCV  
  86  5:41  SCV  
  88  5:49  Marauder x2  
  92  5:52  Marine x2  
  92  6:10  Marine x2  
  92  6:11  Marauder x2  
  98  6:14  Widow Mine x2  
  99  6:25  Medivac  
  99  6:29  Medivac  
  99  6:32  Marauder x2  
  105  6:35  Widow Mine x2  
  104  6:49  Marine x2  
  104  6:53  Marauder  
  104  6:54  Marauder  
  95  7:07  Marine  
  81  7:14  SCV  
  81  7:15  Marauder x2  
  74  7:17  Marine  
  63  7:25  Marine  
  64  7:31  Medivac x2  
  64  7:33  SCV x2  
  64  7:34  Marine  
  71  7:37  Widow Mine x2  
  75  7:45  SCV x2, Marine x2  
  80  7:57  SCV x2, Marine x2  
  83  8:00  Widow Mine  
  83  8:02  Widow Mine  
  83  8:03  Marauder x2  
  91  8:09  SCV x2  
  93  8:14  Liberator x2  
  99  8:21  Supply Depot  
  99  8:22  SCV  
  99  8:23  SCV  
  99  8:25  Marauder  
  103  8:27  Marine x2  
  105  8:35  SCV x2  
  100  8:46  Marauder  
  94  8:49  Marine  
  88  8:57  Marauder  
  88  8:58  Marine  
  88  8:59  Widow Mine x2  
  88  9:00  SCV x2  
  83  9:07  Marauder, Marine  
  83  9:09  Medivac x2  
  90  9:12  SCV  
  91  9:21  Marauder  
  87  9:24  Marine  
  87  9:26  Marine  
  87  9:27  SCV x2  
  87  9:29  Marauder  
  72  9:39  SCV  
Show
View Real Time Build Order
Export as new Build Order

DPGJieShi Protoss - Winner!

Build Orders: 1 Gate Expand, Blink Stalkers 

Get SALT Encoding   

  12  0:00  Probe  
  13  0:13  Probe  
  14  0:17  Pylon  
  14  0:25  Probe (Chrono Boost)  
  15  0:37  Probe (Chrono Boost), Gateway  
  16  0:44  Probe (Chrono Boost)  
  16  0:47  Assimilator  
  17  0:51  Probe  
  18  1:03  Probe  
  19  1:15  Probe  
  20  1:25  Cybernetics Core  
  20  1:30  Nexus  
  20  1:36  Pylon  
  20  1:39  Probe  
  21  1:44  Assimilator  
  21  1:51  Probe  
  22  1:59  Stalker (Chrono Boost)  
  22  2:01  Warp Gate  
  22  2:03  Probe  
  25  2:15  Probe  
  25  2:19  Twilight Council  
  26  2:27  Probe, Stalker (Chrono Boost)  
  29  2:42  Probe (Chrono Boost)  
  31  2:44  Probe (Chrono Boost)  
  31  2:46  Gateway  
  31  2:50  Blink (Chrono Boost)  
  32  2:51  Probe (Chrono Boost)  
  32  2:54  Probe (Chrono Boost)  
  32  2:56  Probe  
  33  3:04  Probe  
  35  3:07  Stalker  
  35  3:11  Probe  
  38  3:16  Probe  
  39  3:23  Probe  
  39  3:25  Robotics Facility  
  40  3:28  Probe  
  41  3:35  Probe  
  41  3:40  Probe  
  42  3:47  Probe  
  43  3:52  Probe  
  43  3:53  Pylon  
  43  3:55  Nexus, Stalker  
  46  4:07  Pylon  
  46  4:08  Probe  
  46  4:11  Probe  
  46  4:12  Observer  
  46  4:14  Stalker  
  50  4:18  Stalker  
  50  4:21  Probe  
  50  4:23  Probe  
  54  4:28  Assimilator  
  54  4:29  Forge  
  54  4:30  Pylon  
  54  4:32  Charge (Chrono Boost)  
  54  4:35  Probe x2  
  56  4:40  Observer  
  57  4:45  Gateway  
  57  4:46  Protoss Ground Weapons Level 1 (Chrono Boost)  
  57  4:48  Probe x2, Gateway  
  57  4:50  Observer  
  59  5:01  Gateway  
  59  5:03  Gateway  
  59  5:05  Probe  
  59  5:06  Probe  
  61  5:07  Observer  
  61  5:17  Gateway  
  61  5:19  Gateway  
  61  5:20  Probe, Pylon  
  62  5:21  Probe  
  62  5:22  Sentry  
  62  5:25  Shield Battery  
  62  5:26  Probe  
  62  5:28  Pylon  
  66  5:35  Probe  
  66  5:36  Probe  
  66  5:38  Probe  
  66  5:40  Immortal (Chrono Boost)  
  69  5:47  Probe  
  74  5:53  Stalker  
  74  5:54  Zealot, Stalker x2  
  82  6:07  Zealot x2  
  82  6:10  Probe x2, Pylon  
  88  6:13  Sentry, Pylon  
  88  6:18  Zealot  
  96  6:22  Photon Cannon  
  96  6:29  Zealot x3  
  102  6:34  Zealot x3  
  102  6:42  Stalker  
  102  6:46  Pylon  
  100  6:50  Zealot x3  
  89  6:57  Zealot x2  
  89  6:58  Pylon  
  89  7:00  Pylon  
  84  7:10  Zealot x4  
  84  7:11  Zealot  
  78  7:16  Observer, Templar Archives  
  64  7:26  Nexus  
  64  7:28  Zealot, Protoss Ground Armor Level 1 (Chrono Boost)  
  66  7:30  Psionic Storm  
  66  7:31  Observer  
  66  7:33  Probe  
  66  7:35  Probe  
  68  7:45  Probe  
  68  7:47  Probe, Assimilator  
  68  7:48  Zealot x2  
  74  7:52  Assimilator  
  74  7:56  High Templar  
  74  7:58  Probe  
  77  8:00  Probe  
  77  8:02  Zealot  
  80  8:10  Probe  
  80  8:11  High Templar  
  80  8:12  Zealot x3  
  89  8:16  Probe  
  90  8:22  Probe, Stalker  
  93  8:27  Stalker  
  93  8:31  Stalker  
  97  8:34  Probe  
  97  8:37  Stalker  
  97  8:40  Zealot x2  
  88  8:46  Zealot  
  88  8:47  Zealot  
  86  8:52  Zealot  
  86  8:55  Archon  
  76  8:56  Zealot  
  76  9:01  Zealot x2  
  76  9:02  Zealot  
  84  9:04  Shield Battery  
  84  9:09  Zealot, High Templar  
  88  9:14  Robotics Facility  
  88  9:17  High Templar  
  88  9:18  Zealot  
  88  9:24  Zealot  
  88  9:25  Zealot x2  
  88  9:30  Stalker  
  76  9:40  Zealot  
  76  9:41  Zealot  
Tags
 
Add a new tag
Caveats
  • Supply blocks, unpowered buildings, or Contaminate may cause inaccurate times.
  • Supply counts are checked every 10 seconds.